[Event "Titled Tuesday Blitz January 03 Early 2023"]
[White "Cella, Glaucio Dalla Cortt"]
[Black "Babikov, Ivan"]
[WhiteFideId "2119455"]
[BlackFideId "4161106"]
[WhiteElo "1894"]
[BlackElo "2239"]
[Result "1-0"]
[Round "02"]
[TimeControl "180+2"]
[Date "2023.01.03"]
[WhiteClock "0:00:31"]
[BlackClock "0:00:04"]

1. e4 c5 2. Nf3 Nf6 3. e5 Nd5 4. c3 Nc6 5. d4 cxd4 6. cxd4 d6 7. Nc3 Nxc3 8. bxc3 dxe5 9. d5 Nb8 10. Nxe5 Qc7 11. Bb5+ Bd7 12. Nxd7 Nxd7 13. Bxd7+ Qxd7 14. Qd4 e6 15. dxe6 Qxd4 16. cxd4 fxe6 17. Be3 Bb4+ 18. Ke2 Kf7 19. Rhb1 Bd6 20. Rxb7+ Kf6 21. Rab1 Rhc8 22. Rd7 Bc7 23. Rb7 Bb6 24. Rf7+ Kg6 25. Rxg7+ Kf5 26. Rbf7+ Ke4 27. f3+ Kd5 28. Rg5+ Kc4 29. Rxh7 Kb4 30. Kd3 Rc3+ 31. Ke4 Rd8 32. Rhh5 Rc4 33. Rb5+ Kc3 34. Rb3+ Kc2 35. Re5 Bxd4 36. Bxd4 Rdxd4+ 37. Ke3 Rd6 38. g4 Rc8 39. h4 Rh8 40. h5 Rd1 41. Rc5# 1-0


[Site "https://www.chess.com"]

[Event "Titled Tuesday Blitz January 03 Early 2023"]
[White "Tomaszewski, Kacper"]
[Black "Bashirli, Saadat"]
[WhiteFideId "1127373"]
[BlackFideId "13429990"]
[WhiteElo "2313"]
[BlackElo "1571"]
[Result "1/2-1/2"]
[Round "02"]
[TimeControl "180+2"]
[Date "2023.01.03"]
[WhiteClock "0:00:06"]
[BlackClock "0:00:15"]

1. e4 c5 2. Nf3 g6 3. c3 Nf6 4. e5 Nd5 5. d4 cxd4 6. cxd4 d6 7. Nc3 dxe5 8. Bb5+ Nc6 9. Nxe5 Nxc3 10. bxc3 Bd7 11. Nxd7 Qxd7 12. O-O a6 13. Qa4 Rc8 14. Bd3 Bg7 15. Ba3 O-O 16. Rfd1 Qc7 17. Rac1 Rfd8 18. h3 e5 19. dxe5 Nxe5 20. Be2 Rxd1+ 21. Qxd1 Nc4 22. Bb4 a5 23. Bxc4 Qxc4 24. Bxa5 Qxa2 25. Qd7 Ra8 26. Bb4 Qb2 27. Re1 Bxc3 28. Re8+ Rxe8 29. Qxe8+ Kg7 30. Qf8+ Kf6 31. Qh8+ Ke6 32. Qxc3 Qxc3 33. Bxc3 b5 34. Kh2 Kd5 35. Kg3 Ke4 36. Bf6 b4 37. f4 b3 38. Kg4 h6 39. g3 Ke3 40. h4 Kf2 41. h5 gxh5+ 42. Kh4 Kf3 43. Bb2 f5 44. Bc3 Kg2 45. Bb2 Kf3 46. Kh3 Kf2 47. Bd4+ Kf3 48. Bc3 Kf2 49. Bb2 Kf3 50. Bd4 Ke4 51. Be5 Kf3 52. Kh2 Kf2 53. Bd4+ Kf3 54. Bc3 Kf2 55. Bg7 Kf3 56. Bd4 Ke4 57. Ba1 Kf3 58. Be5 Kf2 59. Kh3 Kf3 60. Kh4 Kg2 61. Bb2 Kh2 62. Bg7 Kg2 63. Kxh5 Kxg3 64. Be5 b2 65. Bxb2 Kxf4 66. Bc1+ Ke4 67. Bxh6 f4 68. Bxf4 1/2-1/2


[Site "https://www.chess.com"]

[Event "Titled Tuesday Blitz January 03 Early 2023"]
[White "Bilan, Danila"]
[Black "Zaichenko, Daria"]
[WhiteFideId "24161918"]
[BlackFideId "4197453"]
[WhiteElo "2303"]
[BlackElo "2104"]
[Result "1-0"]
[Round "02"]
[TimeControl "180+2"]
[Date "2023.01.03"]
[WhiteClock "0:01:15"]
[BlackClock "0:01:33"]

1. d4 d5 2. Nf3 Bf5 3. c4 e6 4. Nc3 Nf6 5. Qb3 b6 6. Bg5 c6 7. e3 Be7 8. Ne5 h6 9. Bh4 Ne4 10. Bxe7 Qxe7 11. cxd5 exd5 12. Rc1 f6 13. Nxc6 Nxc6 14. Nxd5 Qd6 15. Rxc6 1-0


[Site "https://www.chess.com"]

[Event "Titled Tuesday Blitz January 03 Early 2023"]
[White "Gressmann, Moritz"]
[Black "Berezin, Viktor"]
[WhiteFideId "24695084"]
[BlackFideId "14107872"]
[WhiteElo "2129"]
[BlackElo "2307"]
[Result "0-1"]
[Round "02"]
[TimeControl "180+2"]
[Date "2023.01.03"]
[WhiteClock "0:00:05"]
[BlackClock "0:00:04"]

1. Nf3 Nf6 2. g3 g6 3. Bg2 Bg7 4. O-O O-O 5. d4 d6 6. c4 Nc6 7. Nc3 a6 8. b3 Rb8 9. Bb2 b5 10. c5 d5 11. Ne5 Bb7 12. f4 e6 13. Re1 Ne7 14. e4 Nxe4 15. Nxe4 dxe4 16. Bxe4 Bxe4 17. Rxe4 Qd5 18. Re2 Rbd8 19. Rd2 Nf5 20. Qf3 f6 21. Qxd5 Rxd5 22. Nc6 Rd7 23. Re1 Kf7 24. g4 Nh4 25. Kf2 g5 26. Kg3 Ng6 27. f5 exf5 28. gxf5 Nh4 29. Rf2 Re8 30. Rxe8 Kxe8 31. Nb8 Rd5 32. Kg4 a5 33. Re2+ Kf8 34. Rf2 Kf7 35. Nc6 a4 36. bxa4 bxa4 37. a3 Nxf5 38. Nb4 h5+ 39. Kxh5 Rxd4 40. Bxd4 Nxd4 41. Rd2 f5 42. Nc2 Ne6 43. Rd7+ Kf6 44. Nd4 Nf4# 0-1


[Site "https://www.chess.com"]

[Event "Titled Tuesday Blitz January 03 Early 2023"]
[White "Vifleemskaia, Svetlana"]
[Black "ArchibaldCerveza29"]
[WhiteFideId "4129490"]
[WhiteElo "1971"]
[BlackElo "2510"]
[Result "0-1"]
[Round "02"]
[TimeControl "180+2"]
[Date "2023.01.03"]
[WhiteClock "0:00:07"]
[BlackClock "0:00:21"]

1. d4 d5 2. c4 e6 3. Nc3 Nf6 4. cxd5 exd5 5. Bg5 c6 6. e3 h6 7. Bh4 Bd6 8. Bd3 O-O 9. Nge2 Re8 10. h3 a5 11. a4 Na6 12. O-O Nc7 13. Bc2 Ne6 14. Qd3 g6 15. f4 Ng7 16. g4 Be7 17. Bf2 h5 18. g5 Ne4 19. Nxe4 dxe4 20. Qd2 Bxh3 21. Bxe4 Bxf1 22. Rxf1 Bb4 23. Qd3 Qd7 24. Kh2 Rad8 25. Nc3 Bxc3 26. bxc3 c5 27. Rb1 Qxa4 28. Rxb7 Qa2 29. Kg2 Qe6 30. Bf3 cxd4 31. cxd4 Nf5 32. Rb3 Rd7 33. e4 Nxd4 34. Bxd4 Qd6 35. Qb5 Qxd4 36. Qxa5 Qd2+ 37. Qxd2 Rxd2+ 38. Kg3 Kg7 39. Rb7 Rd3 40. f5 Rxe4 41. f6+ Kg8 42. Rb8+ Kh7 43. Kf2 Rf4 44. Ke2 Rdxf3 45. Rf8 Rxf6 46. gxf6 Rxf6 0-1


[Site "https://www.chess.com"]

[Event "Titled Tuesday Blitz January 03 Early 2023"]
[White "Padmini, Rout"]
[Black "Kaminski, Victor"]
[WhiteFideId "5029295"]
[BlackFideId "1131630"]
[WhiteElo "2375"]
[BlackElo "2247"]
[Result "1-0"]
[Round "02"]
[TimeControl "180+2"]
[Date "2023.01.03"]
[WhiteClock "0:00:22"]
[BlackClock "0:00:02"]

1. e4 e5 2. Nf3 Nc6 3. Bb5 a6 4. Ba4 Nf6 5. O-O b5 6. Bb3 Bc5 7. c3 d6 8. d4 Bb6 9. a4 Bg4 10. Be3 O-O 11. Bc2 exd4 12. cxd4 Nb4 13. e5 Bxf3 14. gxf3 Nxc2 15. Qxc2 Nd5 16. Qe4 dxe5 17. dxe5 Nxe3 18. fxe3 Qg5+ 19. Kf2 Rae8 20. f4 Qh4+ 21. Kg2 Re6 22. Nd2 Qg4+ 23. Kh1 Qe2 24. Nf3 Qxe3 25. Rae1 Qxe4 26. Rxe4 f5 27. Re2 h6 28. axb5 axb5 29. Rd1 Rfe8 30. h4 Kf7 31. Kg2 g6 32. Kg3 R8e7 33. Red2 c5 34. Rd5 Rc7 35. Rd7+ Re7 36. Rd8 c4 37. Rh8 Kg7 38. Rdd8 Rcd7 39. Rdg8+ Kf7 40. Rb8 Bc7 41. Rxb5 Kg7 42. Rc8 Rd3 43. Rb7 g5 44. Rcxc7 Rxc7 45. Rxc7+ Kg6 46. hxg5 hxg5 47. fxg5 Rb3 48. Rc6+ Kh5 49. Rh6# 1-0


[Site "https://www.chess.com"]

[Event "Titled Tuesday Blitz January 03 Early 2023"]
[White "Murtazin, Ruslan"]
[Black "Slovineanu"]
[WhiteFideId "24175960"]
[WhiteElo "2247"]
[BlackElo "2294"]
[Result "1-0"]
[Round "02"]
[TimeControl "180+2"]
[Date "2023.01.03"]
[WhiteClock "0:00:09"]
[BlackClock "0:00:05"]

1. e4 c5 2. Nf3 Nc6 3. Bb5 d6 4. Bxc6+ bxc6 5. O-O g6 6. c3 Bg7 7. h3 e6 8. d4 cxd4 9. cxd4 Ne7 10. Nc3 O-O 11. Bf4 Bb7 12. Qd2 d5 13. e5 Qa5 14. a3 c5 15. Nxd5 Qd8 16. Nxe7+ Qxe7 17. dxc5 Qxc5 18. Qe3 Qxe3 19. fxe3 Rfd8 20. Nd4 Bf8 21. Rac1 Rac8 22. Bg5 Rxc1 23. Rxc1 Rc8 24. Rd1 Bc5 25. Rd2 Bd5 26. Nb5 Rb8 27. Nc3 Bc4 28. Kf2 Kg7 29. Ne4 Bb6 30. Bf6+ Kg8 31. Be7 h6 32. Rd7 Bb5 33. Rd2 Bc6 34. Nc3 Be8 35. b4 Kh7 36. Ne4 a6 37. Bc5 1-0


[Site "https://www.chess.com"]

[Event "Titled Tuesday Blitz January 03 Early 2023"]
[White "Prudnykova, Olga"]
[Black "Yaniuk, Volodymyr"]
[WhiteFideId "14121093"]
[BlackFideId "14133083"]
[WhiteElo "2268"]
[BlackElo "2223"]
[Result "1-0"]
[Round "02"]
[TimeControl "180+2"]
[Date "2023.01.03"]
[WhiteClock "0:00:16"]
[BlackClock "0:00:07"]

1. e4 c5 2. Nf3 d6 3. Nc3 e6 4. d4 cxd4 5. Nxd4 a6 6. Be3 Be7 7. Qf3 Nf6 8. g4 Qc7 9. g5 Nfd7 10. O-O-O b5 11. Bd3 Bb7 12. Qh3 Nc6 13. g6 Nxd4 14. Bxd4 e5 15. gxf7+ Kf8 16. Be3 Rc8 17. Rhg1 Bf6 18. Bg5 b4 19. Nd5 Bxd5 20. exd5 Bxg5+ 21. Rxg5 Nc5 22. Bf5 Rd8 23. Be6 Qe7 24. Rxg7 Qf6 25. Rg8+ Ke7 26. Rxd8 Rxd8 27. Qxh7 Rf8 28. Rg1 Qf4+ 29. Kb1 Qxf2 30. Qg8 Nxe6 31. dxe6 Kxe6 32. b3 Rxf7 33. Rg6+ Kd5 34. Rg7 Ke6 35. Rxf7 Qxf7 36. Qc8+ Kd5 37. Qc4# 1-0


[Site "https://www.chess.com"]

[Event "Titled Tuesday Blitz January 03 Early 2023"]
[White "Grot, Blazej"]
[Black "Bazarov, Konstantin"]
[WhiteFideId "21835845"]
[BlackFideId "4137000"]
[WhiteElo "1990"]
[BlackElo "2235"]
[Result "1/2-1/2"]
[Round "02"]
[TimeControl "180+2"]
[Date "2023.01.03"]
[WhiteClock "0:02:36"]
[BlackClock "0:02:30"]

1. e4 c6 2. d4 d5 3. Nd2 dxe4 4. Nxe4 Nf6 5. Nxf6+ exf6 6. c3 Bd6 7. Bd3 O-O 8. Ne2 Nd7 9. O-O Qc7 10. Ng3 g6 11. Re1 Nb6 12. Qf3 f5 13. Bh6 Rd8 14. Bg5 Rf8 15. Bh6 Rd8 16. Bg5 Rf8 17. Bh6 1/2-1/2


[Site "https://www.chess.com"]

[Event "Titled Tuesday Blitz January 03 Early 2023"]
[White "Iljin, Timofey"]
[Black "Dilmukhametov, Artur"]
[WhiteFideId "14110180"]
[BlackFideId "24179922"]
[WhiteElo "2329"]
[BlackElo "2276"]
[Result "1-0"]
[Round "02"]
[TimeControl "180+2"]
[Date "2023.01.03"]
[WhiteClock "0:02:25"]
[BlackClock "0:02:02"]

1. e4 e6 2. d4 d5 3. Nd2 Nf6 4. Bd3 c5 5. c3 Nc6 6. Ngf3 cxd4 7. cxd4 dxe4 8. Nxe4 Be7 9. O-O O-O 10. Nc3 Nb4 11. Bb1 a6 12. a3 Nbd5 13. Qd3 b5 14. Bg5 g6 15. Ne5 Bb7 16. Bh6 Re8 17. Re1 Rc8 18. Qh3 Nxc3 19. bxc3 Qd5 20. Ba2 Qd6 21. Nxf7 1-0


[Site "https://www.chess.com"]

[Event "Titled Tuesday Blitz January 03 Early 2023"]
[White "Gavilan Diaz, Mario"]
[Black "Wieczorek, Zbigniew"]
[WhiteFideId "2260905"]
[BlackFideId "1102001"]
[WhiteElo "2271"]
[BlackElo "2150"]
[Result "1-0"]
[Round "02"]
[TimeControl "180+2"]
[Date "2023.01.03"]
[WhiteClock "0:01:22"]
[BlackClock "0:01:12"]

1. d4 Nf6 2. c4 e6 3. Nc3 Bb4 4. Qc2 d5 5. a3 Bxc3+ 6. Qxc3 O-O 7. Bg5 dxc4 8. Qxc4 Nc6 9. Nf3 Qd5 10. e3 Na5 11. Qc2 Ne4 12. Bf4 Nb3 13. Rd1 Qb5 14. Bxb5 1-0


[Site "https://www.chess.com"]

[Event "Titled Tuesday Blitz January 03 Early 2023"]
[White "Winterberg, Lukas"]
[Black "Schut, Han"]
[WhiteFideId "24622702"]
[BlackFideId "1005561"]
[WhiteElo "2402"]
[BlackElo "2101"]
[Result "1-0"]
[Round "02"]
[TimeControl "180+2"]
[Date "2023.01.03"]
[WhiteClock "0:01:57"]
[BlackClock "0:00:19"]

1. b3 e5 2. Bb2 Nc6 3. g3 d5 4. Bg2 Bd6 5. c4 d4 6. e3 Nb4 7. d3 Bf5 8. e4 Be6 9. a3 Na6 10. b4 c5 11. b5 Nc7 12. h4 f5 13. exf5 Bxf5 14. Bxb7 Nf6 15. Bc6+ Bd7 16. Bxd7+ Qxd7 17. Nd2 O-O 18. Qe2 Rae8 19. Ne4 Ng4 20. Nh3 Nh6 21. Nhg5 Ne6 22. Bc1 Nf5 23. Bd2 Be7 24. a4 Nxg5 25. Bxg5 Nd6 26. Nxc5 Qf5 27. Bxe7 Rxe7 28. Ne4 Nxe4 29. dxe4 Ref7 30. exf5 1-0


[Site "https://www.chess.com"]

[Event "Titled Tuesday Blitz January 03 Early 2023"]
[White "Guzman Moneo, Alberto"]
[Black "Erzhanov, Arman"]
[WhiteFideId "2209616"]
[BlackFideId "4138821"]
[WhiteElo "2170"]
[BlackElo "2228"]
[Result "0-1"]
[Round "02"]
[TimeControl "180+2"]
[Date "2023.01.03"]
[WhiteClock "0:01:58"]
[BlackClock "0:02:26"]

1. e4 d6 2. d4 Nf6 3. Nc3 e5 4. Nf3 Nbd7 5. Bc4 Be7 6. a4 O-O 7. O-O a5 8. h3 c6 9. Be3 Nb6 10. Bb3 Nfd7 11. d5 c5 12. Nd2 Bg5 13. Nc4 Bxe3 14. Nxe3 g6 15. Bc4 Nxc4 16. Nxc4 Nb6 17. Qd3 Nxc4 18. Qxc4 Bd7 19. b3 f5 20. f3 f4 0-1


[Site "https://www.chess.com"]

[Event "Titled Tuesday Blitz January 03 Early 2023"]
[White "Ankerst, Mihael"]
[Black "Jimenez Almeida, Luis David"]
[WhiteFideId "14602369"]
[BlackFideId "22242244"]
[WhiteElo "2370"]
[BlackElo "2242"]
[Result "1-0"]
[Round "02"]
[TimeControl "180+2"]
[Date "2023.01.03"]
[WhiteClock "0:00:34"]
[BlackClock "0:00:06"]

1. e4 Nf6 2. e5 Nd5 3. d4 d6 4. f4 dxe5 5. fxe5 c5 6. Nf3 cxd4 7. Qxd4 Nc6 8. Bb5 Qa5+ 9. Nc3 Nxc3 10. Bxc6+ bxc6 11. Qxc3 Qxc3+ 12. bxc3 Ba6 13. e6 h6 14. Be3 fxe6 15. Bd4 O-O-O 16. h4 Rd5 17. h5 c5 18. Be5 Rg8 19. Rb1 Bb7 20. c4 Rd7 21. Nh4 g5 22. hxg6 Bg7 23. Bxg7 Rxg7 24. Rd1 Rd4 25. Rxd4 cxd4 26. Kd2 Kd7 27. Re1 Kd6 28. Kd3 Rg8 29. Kxd4 Rc8 30. Re5 Ba6 31. c5+ Kd7 32. Rh5 Rh8 33. Nf3 Be2 34. Ne5+ Kc7 35. g4 a5 36. a3 Bd1 37. c3 a4 38. Ke3 Bc2 39. g5 Bxg6 40. Nxg6 Rg8 41. Rxh6 Kc6 42. Nxe7+ 1-0


[Site "https://www.chess.com"]

[Event "Titled Tuesday Blitz January 03 Early 2023"]
[White "Mica, Marek"]
[Black "Brown, Andrew"]
[WhiteFideId "382884"]
[BlackFideId "3206513"]
[WhiteElo "2256"]
[BlackElo "2279"]
[Result "1-0"]
[Round "02"]
[TimeControl "180+2"]
[Date "2023.01.03"]
[WhiteClock "0:00:08"]
[BlackClock "0:00:06"]

1. d4 d5 2. c4 e6 3. Nf3 Nf6 4. g3 dxc4 5. Bg2 b5 6. a4 c6 7. axb5 cxb5 8. b3 Bb4+ 9. Bd2 Bxd2+ 10. Qxd2 cxb3 11. Qb4 Nd5 12. Qxb3 a6 13. O-O O-O 14. e4 Nf6 15. Nc3 Bb7 16. Rfe1 Nc6 17. Rad1 Na5 18. Qb4 Rc8 19. Ne5 Nc6 20. Nxc6 Rxc6 21. d5 Rc4 22. Qb3 exd5 23. Nxd5 Bxd5 24. exd5 Qd6 25. Rc1 Rfc8 26. Ra1 h6 27. Red1 Rc2 28. Ra2 Rxa2 29. Qxa2 Nd7 30. Bh3 Ra8 31. Rc1 Nc5 32. Qa3 Ne4 33. Qd3 Nf6 34. Bg2 Rd8 35. Rd1 Kf8 36. h3 b4 37. Qc4 a5 38. Ra1 Qb6 39. Bf3 Ne8 40. Qe4 Kg8 41. Qe7 Nd6 42. Rc1 Re8 43. Qd7 Rf8 44. Rc6 Qb5 45. Rxd6 Qxd7 46. Rxd7 Rb8 47. d6 b3 48. Rb7 Rxb7 49. Bxb7 Kf8 50. Bd5 a4 51. Kf1 Ke8 52. Ke2 Kd7 53. Bxf7 Kxd6 54. Kd3 Ke5 55. Kc3 g5 56. Be8 Ke4 57. Bc6+ Ke5 58. Bxa4 Ke4 59. Bc6+ Ke5 60. Kxb3 Kd4 61. Kc2 g4 62. hxg4 1-0


[Site "https://www.chess.com"]

[Event "Titled Tuesday Blitz January 03 Early 2023"]
[White "Lopez Del Alamo, Antonio"]
[Black "Andreev, Eduard"]
[WhiteFideId "2227339"]
[BlackFideId "14103400"]
[WhiteElo "2280"]
[BlackElo "2413"]
[Result "1-0"]
[Round "02"]
[TimeControl "180+2"]
[Date "2023.01.03"]
[WhiteClock "0:00:13"]
[BlackClock "0:00:20"]

1. e4 c5 2. Nf3 d6 3. d4 cxd4 4. Nxd4 Nf6 5. Nc3 Nc6 6. Bg5 e6 7. Bb5 Bd7 8. Bxc6 bxc6 9. Qf3 h6 10. Bh4 Be7 11. e5 Nd5 12. Bxe7 Qxe7 13. exd6 Qxd6 14. Rd1 O-O 15. O-O Rab8 16. b3 c5 17. Nf5 exf5 18. Nxd5 Rfd8 19. c4 Bc6 20. Qxf5 a5 21. Rd3 a4 22. Rfd1 Bxd5 23. Rxd5 Qe7 24. g3 axb3 25. axb3 Rxd5 26. Rxd5 Rxb3 27. Rxc5 g6 28. Qd5 Qe1+ 29. Kg2 Qe7 30. Rc8+ Kh7 31. c5 Ra3 32. Rd8 Ra4 33. Rd7 Qe4+ 34. Qxe4 Rxe4 35. Rxf7+ Kg8 36. Rc7 Rc4 37. h4 h5 38. c6 Kf8 39. Rc8+ Kg7 40. c7 Rc5 41. f3 Rc4 42. Kh3 Rc3 43. f4 Rc4 44. g4 Rc3+ 45. Kg2 hxg4 46. h5 gxh5 47. f5 h4 48. f6+ Kf7 49. Rh8 h3+ 50. Kg1 Rc1+ 51. Kh2 Rc2+ 52. Kg3 Kxf6 53. c8=Q Rxc8 54. Rxc8 Kf5 55. Rc4 h2 56. Kxh2 Kg5 57. Kg2 Kf5 58. Kg3 Kg5 59. Rc5+ Kf6 60. Kxg4 Ke6 61. Kf4 Kd6 62. Rh5 Ke6 63. Ra5 Kd6 64. Ke4 Ke6 65. Rh5 Kf6 66. Ra5 Kg6 67. Kf4 Kf6 68. Ra6+ Ke7 69. Ke5 Kd7 70. Rh6 Kc7 71. Kd5 Kb7 72. Kc5 Ka7 73. Kb5 Kb7 74. Rh7+ Kc8 75. Kc6 Kd8 76. Ra7 Ke8 77. Kd6 Kf8 78. Ke6 Ke8 79. Ra8# 1-0


[Site "https://www.chess.com"]

[Event "Titled Tuesday Blitz January 03 Early 2023"]
[White "Fisher_TheGalactic"]
[Black "Pein, Malcolm"]
[BlackFideId "400289"]
[WhiteElo "2521"]
[BlackElo "2305"]
[Result "0-1"]
[Round "02"]
[TimeControl "180+2"]
[Date "2023.01.03"]
[WhiteClock "0:00:06"]
[BlackClock "0:00:16"]

1. Nf3 Nf6 2. g3 b6 3. Bg2 Bb7 4. O-O e6 5. d3 d5 6. Nbd2 Be7 7. Re1 O-O 8. b3 c5 9. Bb2 Nc6 10. e4 d4 11. Nc4 Qc7 12. Nh4 b5 13. Nd2 Nd7 14. Nhf3 e5 15. h4 a5 16. a4 bxa4 17. bxa4 Nb4 18. Nc4 Ba6 19. Nfd2 Rab8 20. Ba3 Bb7 21. Nb3 Ra8 22. Bh3 Bc6 23. Bxb4 axb4 24. a5 Ra6 25. Qd2 Nb8 26. Nb6 Nd7 27. Nxd7 Bxd7 28. Bxd7 Qxd7 29. Kg2 Bd8 30. Ra2 Qc6 31. Rea1 f5 32. f3 f4 33. Rh1 fxg3 34. Rh3 c4 35. dxc4 Qxc4 36. Rxg3 Bxh4 37. Rg4 Bf6 38. Qd3 Rc8 39. Qxc4+ Rxc4 40. Nd2 Rc3 41. Nb1 Rc5 42. Kf1 Rcxa5 43. Rxa5 Rxa5 44. Nd2 Ra2 45. Ke2 Rxc2 46. Kd3 Rc3+ 47. Ke2 b3 48. Rg1 Rc2 49. Rb1 Bg5 50. Rxb3 Rxd2+ 51. Ke1 d3 52. f4 Bxf4 53. Rb8+ Kf7 54. Rb7+ Kg6 55. Rb6+ Kg5 0-1


[Site "https://www.chess.com"]

[Event "Titled Tuesday Blitz January 03 Early 2023"]
[White "Quinones Garcia, Santiago"]
[Black "Martin, Lewis"]
[WhiteFideId "4408497"]
[BlackFideId "410551"]
[WhiteElo "2248"]
[BlackElo "2135"]
[Result "0-1"]
[Round "02"]
[TimeControl "180+2"]
[Date "2023.01.03"]
[WhiteClock "0:00:09"]
[BlackClock "0:00:13"]

1. d4 d5 2. c4 e6 3. Nc3 Nf6 4. Bg5 Be7 5. cxd5 exd5 6. e3 O-O 7. Bd3 Nbd7 8. Nf3 h6 9. Bh4 c5 10. dxc5 Nxc5 11. Be2 Be6 12. O-O Nce4 13. Qd4 Nxc3 14. Qxc3 Rc8 15. Qd3 Qb6 16. b3 Rfe8 17. Rfd1 Ne4 18. Bxe7 Rxe7 19. Bf1 Rec7 20. Nd4 Bd7 21. g3 Qf6 22. Qe2 h5 23. Qf3 Qxf3 24. Nxf3 Bg4 25. Bg2 Rc2 26. Rxd5 Rxf2 27. Rd4 Rcc2 28. Ne1 Rxg2+ 29. Nxg2 Ng5 30. Rd8+ Kh7 31. h4 Nh3+ 32. Kf1 Rf2+ 33. Ke1 Rxg2 34. Rc1 Rxg3 35. Kd2 Rg2+ 36. Kd3 Bf5+ 37. Kc4 Rg4+ 38. Kb5 Rxh4 39. Rc5 Bg6 40. Rc7 Rg4 41. Rcc8 Kh6 42. Rh8+ Kg5 43. Rc5+ f5 44. a4 Re4 45. a5 b6 46. axb6 axb6 47. Kxb6 Rxe3 48. b4 Nf4 49. b5 h4 50. Kc7 h3 51. b6 Ne6+ 52. Kc6 Nxc5 53. Kxc5 Rb3 54. Kc6 Kg4 55. b7 Rxb7 56. Kxb7 f4 57. Kc6 Be4+ 58. Kc5 Kg3 59. Kd4 Bg2 60. Kd3 h2 61. Ke2 h1=Q 62. Rxh1 Bxh1 63. Kf1 g5 64. Kg1 Bb7 65. Kf1 g4 66. Kg1 Bc6 67. Kf1 Kh2 68. Ke2 g3 69. Kd3 g2 70. Kd4 g1=Q+ 71. Ke5 Qc1 72. Kf5 Kg3 73. Kf6 Qc5 74. Kg7 Qd6 75. Kh8 Qe7 76. Kg8 Bd5+ 77. Kh8 Qf8+ 78. Kh7 Be4# 0-1


[Site "https://www.chess.com"]

[Event "Titled Tuesday Blitz January 03 Early 2023"]
[White "Samaganova, Aleksandra"]
[Black "Girsh, Daniel"]
[WhiteFideId "13800221"]
[BlackFideId "30949190"]
[WhiteElo "1856"]
[BlackElo "2123"]
[Result "0-1"]
[Round "02"]
[TimeControl "180+2"]
[Date "2023.01.03"]
[WhiteClock "0:00:02"]
[BlackClock "0:01:00"]

1. c4 e6 2. Nc3 d5 3. e3 Nf6 4. Nf3 b6 5. d4 Bb7 6. Bd3 Bd6 7. O-O O-O 8. Re1 Ne4 9. Nd2 f5 10. f4 Nd7 11. Nf3 c5 12. Ne5 Ndf6 13. h3 Rc8 14. cxd5 exd5 15. Nxe4 Nxe4 16. Bxe4 fxe4 17. b3 cxd4 18. exd4 Qh4 19. Qe2 Ba6 20. Qf2 Qxf2+ 21. Kxf2 Rc2+ 22. Kg1 Rfc8 23. Be3 Ba3 24. f5 R8c3 25. Ng4 h5 26. Ne5 Bb2 27. Rab1 Rxe3 28. Rxe3 Bxd4 29. Re1 Re2 30. Rxe2 Bxe2 31. Kf2 Bb5 0-1


[Site "https://www.chess.com"]

[Event "Titled Tuesday Blitz January 03 Early 2023"]
[White "Bobomurodova, Maftuna"]
[Black "Tran, Thanh Tu"]
[WhiteFideId "14207400"]
[BlackFideId "12401404"]
[WhiteElo "1946"]
[BlackElo "2412"]
[Result "0-1"]
[Round "02"]
[TimeControl "180+2"]
[Date "2023.01.03"]
[WhiteClock "0:00:04"]
[BlackClock "0:00:07"]

1. e4 Nc6 2. Nf3 d6 3. d4 Nf6 4. Nc3 g6 5. Be2 Bg7 6. O-O O-O 7. Re1 e5 8. Bg5 exd4 9. Nxd4 h6 10. Nxc6 bxc6 11. Bf4 Rb8 12. Rb1 Nd7 13. Qd2 Kh7 14. Bd3 Ne5 15. Be3 c5 16. Bf1 Bb7 17. Nd5 Bc6 18. h3 Nd7 19. c3 Re8 20. Bf4 Ne5 21. Bg3 Bb5 22. Bxb5 Rxb5 23. f4 Nd7 24. Rbd1 Qb8 25. b3 c4 26. b4 a5 27. a3 axb4 28. axb4 c6 29. Ne3 Rxe4 30. f5 Be5 31. fxg6+ fxg6 32. Ng4 Rxe1+ 33. Bxe1 Bg7 34. Qxd6 Qxd6 35. Rxd6 Ne5 36. Nxe5 Rxe5 37. Kf1 c5 38. b5 Re7 39. b6 Rb7 40. Ke2 g5 41. Ke3 Be5 42. Re6 Bf4+ 43. Ke4 Kg7 44. Kd5 Kf7 45. Kc6 Rxb6+ 46. Kxb6 Kxe6 47. Kxc5 Ke5 48. Kxc4 Ke4 49. Kb5 Ke3 50. c4 Ke2 51. Bb4 Kf2 52. Bf8 h5 53. g4 h4 54. c5 Kg2 55. Bd6 Kxh3 56. Bxf4 gxf4 57. c6 f3 58. c7 f2 59. c8=Q f1=Q+ 60. Kb6 Qg1+ 61. Kb5 Qxg4 62. Qc5 Kg2 63. Qd5+ Qf3 64. Qg5+ Qg3 65. Qd5+ Kg1 66. Qd4+ Qf2 67. Qg4+ Kf1 68. Qh3+ Kg1 69. Qg4+ Qg3 70. Qd4+ Kg2 71. Qe4+ Kh2 72. Qe2+ Qg2 73. Qe5+ Kh3 74. Qf5+ Qg4 75. Qf1+ Kg3 76. Qd3+ Kf4 77. Qd4+ Kg5 78. Qe3+ Qf4 79. Qe2 h3 80. Qe7+ Kg4 81. Qg7+ Qg5+ 0-1


[Site "https://www.chess.com"]

[Event "Titled Tuesday Blitz January 03 Early 2023"]
[White "Kopczynski, Michal"]
[Black "Koridze, Lile"]
[WhiteFideId "1124200"]
[BlackFideId "13612514"]
[WhiteElo "2225"]
[BlackElo "2191"]
[Result "0-1"]
[Round "02"]
[TimeControl "180+2"]
[Date "2023.01.03"]
[WhiteClock "0:01:35"]
[BlackClock "0:00:56"]

1. e4 c5 2. d4 cxd4 3. c3 Nf6 4. Bd3 dxc3 5. Nxc3 d6 6. f4 a6 7. Nf3 g6 8. O-O Bg7 9. Kh1 O-O 10. Qe1 Nc6 11. Be3 b5 12. Rd1 Qc7 13. Qh4 Bb7 14. f5 Ne5 15. fxg6 fxg6 16. Ng5 Qc8 17. Bc2 h6 18. Bb3+ d5 19. Nxd5 Nxd5 20. Rxd5 Rxf1+ 21. Bg1 Bxd5 22. Bxd5+ Kh8 23. Ne6 Qc1 24. h3 Rxg1+ 25. Kh2 Rh1+ 26. Kg3 Qe1+ 27. Kf4 Qxh4+ 28. g4 Rf1+ 29. Ke3 Qf2# 0-1


[Site "https://www.chess.com"]

[Event "Titled Tuesday Blitz January 03 Early 2023"]
[White "Makhmudov, Shukhrat"]
[Black "Cappai, Davide"]
[WhiteFideId "14200775"]
[BlackFideId "813338"]
[WhiteElo "2115"]
[BlackElo "2140"]
[Result "0-1"]
[Round "02"]
[TimeControl "180+2"]
[Date "2023.01.03"]
[WhiteClock "0:00:21"]
[BlackClock "0:01:22"]

1. e4 c5 2. Nf3 Nc6 3. d4 cxd4 4. Nxd4 g6 5. Nxc6 bxc6 6. Qd4 Nf6 7. e5 Nd5 8. Nc3 Qb6 9. Qxb6 axb6 10. Nxd5 cxd5 11. c3 Bg7 12. f4 Kd8 13. Be3 Kc7 14. Bd4 Ba6 15. a3 Kc6 16. O-O-O Bxf1 17. Rhxf1 e6 18. h4 b5 19. g3 Rhb8 20. Kc2 h5 21. Rd2 Bf8 22. Rg2 Bc5 23. Bxc5 Kxc5 24. Kd3 Ra4 25. g4 hxg4 26. Rxg4 Rh8 27. Rh1 Rh5 28. Rh3 Rf5 29. Rf3 Re4 30. b4+ Kc6 31. Kd2 Rexe5 32. Rg5 Re4 33. Rxf5 exf5 34. Rf1 Kd6 35. Kd3 Ke6 36. Kd2 d4 37. Rf3 Kd5 38. cxd4 Rxd4+ 39. Rd3 Ke4 40. Rxd4+ Kxd4 41. Kc2 Kc4 42. Kb2 d5 43. Kc2 d4 44. Kb2 d3 45. Kc1 Kb3 46. Kd2 Kxa3 47. Kxd3 Kxb4 48. Kd4 Ka3 49. Ke5 b4 50. Kf6 b3 51. Kxf7 b2 52. Kxg6 b1=Q 53. h5 Qe4 54. h6 Qxf4 55. h7 Qg4+ 56. Kf7 Qh5+ 57. Kg7 f4 58. h8=B Qxh8+ 0-1


[Site "https://www.chess.com"]

[Event "Titled Tuesday Blitz January 03 Early 2023"]
[White "De Arruda, Leandro Formes"]
[Black "Reprintsev, Alexander"]
[WhiteFideId "22722009"]
[BlackFideId "14100541"]
[WhiteElo "1980"]
[BlackElo "2253"]
[Result "0-1"]
[Round "02"]
[TimeControl "180+2"]
[Date "2023.01.03"]
[WhiteClock "0:00:13"]
[BlackClock "0:01:22"]

1. d4 d5 2. Nf3 Nc6 3. e3 Bf5 4. Bd3 Qd7 5. O-O g6 6. Ne5 Nxe5 7. dxe5 Bg7 8. f4 Nh6 9. Nd2 f6 10. exf6 Bxf6 11. Qe2 O-O 12. e4 dxe4 13. Nxe4 Rae8 14. Be3 b6 15. Rad1 Qc8 16. Bc4+ Kh8 17. Ng5 Bg4 18. Nf3 Bxb2 19. Qd2 Nf5 20. c3 Rd8 21. Bd4+ Nxd4 22. cxd4 Bxd4+ 23. Nxd4 Bxd1 24. Rxd1 c5 25. Qc3 Rxd4 26. Rxd4 cxd4 27. Qxd4+ Rf6 28. g4 Qc5 29. Qxc5 bxc5 30. f5 gxf5 31. gxf5 Rxf5 0-1


[Site "https://www.chess.com"]